 Dungeon Crawl Stone Soup version 0.19.5 (webtiles) character file.

11562 Mirrec the Bludgeoner (level 11, -1/84 HPs)
             Began as a Minotaur Berserker on May 16, 2017.
             Was a Priest of Trog.
             Slain by monokles's ghost (10 damage)
             ... on level 12 of the Dungeon.
             The game lasted 00:41:15 (12808 turns).

Mirrec the Bludgeoner (Minotaur Berserker)         Turns: 12808, Time: 00:41:16

Health: -1/84      AC: 13    Str: 29    XL:     11   Next: 50%
Magic:  19/19      EV:  8    Int:  4    God:    Trog [***...]
Gold:   779        SH:  2    Dex:  9    Spells: 0 memorised, 10 levels left

rFire  . . .     SeeInvis .     u - +5 flail
rCold  . . .     Gourm    +     D - +0 chain mail
rNeg   . . .     Faith    .     H - +0 buckler
rPois  .         Spirit   .     (helmet restricted)
rElec  .         Reflect  .     K - +0 cloak
rCorr  .         Harm     .     V - +1 pair of gloves {Str+3}
MR     ++...                    p - +0 pair of boots
Stlth  ..........               s - amulet of the gourmand
                                a - ring of stealth
                                G - ring of magical power

@: lethally poisoned (-1 -> -2), exhausted, about to teleport, regenerating,
slowed, very slow
A: retaliatory headbutt, horns 2
a: Berserk, Trog's Hand, Burn Spellbooks, Renounce Religion


You were on level 12 of the Dungeon.
You worshipped Trog.
Trog was most pleased with you.
You were very full.

You visited 1 branch of the dungeon, and saw 12 of its levels.

You collected 977 gold pieces.
You spent 198 gold pieces at shops.

Inventory:

Hand Weapons
 u - a +5 flail (weapon)
Armour
 p - a +0 pair of boots (worn)
 D - a +0 chain mail (worn)
 H - a +0 buckler (worn)
 K - a +0 cloak (worn)
 V - a +1 pair of gloves of strength (worn)
 X - +0 steam dragon scales
Jewellery
 a - a ring of stealth (right hand)
 b - a +6 ring of protection {unknown}
 n - an uncursed ring of protection from cold {unknown}
 s - an amulet of the gourmand (around neck)
 G - a ring of magical power (left hand)
 R - a +6 ring of strength
Wands
 d - a wand of confusion (24/48)
 v - a wand of iceblast (2/15)
 A - a wand of polymorph (9/24)
 E - a wand of flame (17/48)
 J - a wand of flame (29/48)
 N - a wand of lightning (3/15)
 P - a wand of lightning (3/15)
 S - a wand of polymorph (16/24)
 T - a wand of iceblast (7/15)
 U - a wand of lightning (12/15)
Scrolls
 e - a scroll of amnesia {unknown}
 f - 2 scrolls of enchant armour {unknown}
 g - 4 scrolls of immolation
 h - 6 scrolls of identify
 t - 6 scrolls of remove curse
 x - 3 scrolls of noise {unknown}
 y - 2 scrolls of magic mapping {unknown}
 z - 4 scrolls of enchant weapon {unknown}
 C - 4 scrolls of teleportation
 O - 3 scrolls of torment {unknown}
 Q - 2 scrolls of blinking {unknown}
Potions
 i - 4 potions of brilliance {unknown}
 l - a potion of invisibility {unknown}
 m - 3 potions of heal wounds {unknown}
 o - 3 potions of cure mutation
 r - 2 potions of agility {unknown}
 w - 2 potions of degeneration {unknown}
 F - a potion of cancellation {unknown}
 L - 2 potions of lignification {unknown}
 W - a potion of magic {unknown}
Books
 M - a book of Maledictions

   Spells                             Type                      Level
   a - Corona                         Hexes                        1
   b - Ensorcelled Hibernation        Hexes/Ice                    2
   c - Confuse                        Hexes                        3
   d - Tukima's Dance                 Hexes                        3
   e - Dazzling Spray                 Conjuration/Hexes            3
   Trog disapproves of the use of such an item.
Comestibles
 c - 9 bread rations
 j - 7 meat rations
 k - a chunk of flesh
 q - 24 fruits
 B - 3 beef jerkies
 I - 2 royal jellies


   Skills:
 - Level 4.1 Fighting
 * Level 19.7 Maces & Flails
 - Level 2.7 Armour
 - Level 2.3 Dodging
 - Level 1.8 Stealth


You had 10 spell levels left.
You didn't know any spells.

Dungeon Overview and Level Annotations

Branches:
Dungeon (12/15)            Temple (0/1) D:6            Lair (0/6) D:10
    Orc (0/2) D:11

Altars:
Cheibriados
Kikubaaqudgha
Qazlal
Trog
Vehumet

Shops:
D:7 ?   D:9 [

Annotations:
D:12 monokles's ghost, journeyman SpVM


Innate Abilities, Weirdness & Mutations

You reflexively headbutt those who attack you in melee.
You have a pair of horns on your head.


Message History

The hornet appears confused.
The crimson imp hits you.
* * * LOW HITPOINT WARNING * * *
The crimson imp blinks!
You feel very sick.
Monokles's ghost says, "A storm is coming..."
Monokles's ghost hits you but does no damage.
You are electrocuted!
* * * LOW HITPOINT WARNING * * *
You miss the crimson imp. Your headbutt misses the crimson imp.
You feel sick.
The crimson imp hits you but does no damage.
Monokles's ghost barely misses you.
You miss monokles's ghost. Your headbutt misses monokles's ghost.
You feel sick. The crimson imp barely misses you. Monokles's ghost misses you.
As you read the scroll of teleportation, it crumbles to dust.
You feel strangely unstable.
You feel very sick.
The crimson imp hits you but does no damage.
Monokles's ghost hits you but does no damage.
You are electrocuted!
You die...

#............##.....
###.#..####.#.###.[...
.....................
#..######.##..#.###.#.#.....
#.......y.........#.#.#.....
#.......#§###.#.#.#.#.######
#.#.###.#§# #.#.#.#.#.#...##
# #.#§###.#...#.........
#<#.W@5......##.......
.......................#.
................##.....#
................##.#...#
#...............##.#...#
#######.........##.#####
#.........##.# #.........#


You could see monokles's ghost and a crimson imp.

Vanquished Creatures
  A hydra (D:11)
  A centaur warrior (D:11)
  An unseen horror (D:11)
  3 hill giants
  An ugly thing (D:12)
  A cyclops (D:11)
  A tengu conjurer (D:10)
  2 two-headed ogres
  A hornet (D:10)
  2 trolls (D:11)
  A hippogriff (D:11)
  A hungry ghost (D:10)
  A steam dragon (D:9)
  3 vampire mosquitoes (D:9)
  Menkaure (D:5)
  5 orc warriors
  A black bear (D:8)
  6 ice beasts
  6 phantoms
  3 centaurs
  2 sky beasts
  3 eyes of draining (D:9)
  4 ogres
  3 big kobolds (D:5)
  3 bullfrogs
  A crocodile (D:9)
  2 scorpions
  8 wights
  5 electric eels (D:6)
  4 crimson imps
  A bullfrog zombie (D:10)
  2 quasits
  9 hounds
  7 orc priests
  A jelly (D:11)
  2 bullfrog skeletons
  A centaur skeleton (D:10)
  3 iguanas
  5 worker ants
  17 orc wizards
  2 hound skeletons
  7 gnolls
  15 adders
  3 oozes
  6 worms
  A dart slug (D:1)
  5 leopard geckos
  61 orcs
  A ball python (D:2)
  2 giant cockroaches
  24 goblins
  29 hobgoblins
  8 jackals
  10 kobolds
  5 quokkas
  4 bats
  5 frilled lizards
  A giant cockroach zombie (D:5)
  2 leopard gecko skeletons (D:4)
  A quokka zombie (D:6)
  6 rats
323 creatures vanquished.

Vanquished Creatures (collateral kills)
  A troll (D:10)
  An electric eel (D:6)
  An orc wizard (D:6)
  A goblin (D:6)
4 creatures vanquished.

Grand Total: 327 creatures vanquished

Notes
Turn   | Place    | Note
-------+----------+-------------------------------------------
     0 | D:1      | Mirrec the Minotaur Berserker began the quest for the Orb.
     0 | D:1      | Reached XP level 1. HP: 19/19 MP: 0/0
   180 | D:1      | Reached XP level 2. HP: 22/27 MP: 1/1
   241 | D:1      | Reached skill level 4 in Maces & Flails
   335 | D:1      | Reached XP level 3. HP: 30/33 MP: 2/2
   811 | D:2      | Reached ** piety under Trog
  1116 | D:2      | Reached skill level 5 in Maces & Flails
  1325 | D:2      | Reached XP level 4. HP: 8/40 MP: 3/3
  1780 | D:2      | Reached skill level 6 in Maces & Flails
  2291 | D:3      | Reached XP level 5. HP: 46/46 MP: 4/4
  2318 | D:3      | Reached skill level 7 in Maces & Flails
  2495 | D:3      | Reached XP level 6. HP: 52/52 MP: 5/5
  2507 | D:3      | Reached skill level 8 in Maces & Flails
  2961 | D:4      | HP: 2/52 [orc priest/divine providence (16)]
  2969 | D:4      | HP: 2/52 [poisoned by an adder]
  3498 | D:4      | Reached *** piety under Trog
  3498 | D:4      | Reached skill level 9 in Maces & Flails
  3824 | D:4      | Reached XP level 7. HP: 59/59 MP: 6/6
  3888 | D:4      | Reached skill level 1 in Stealth
  4085 | D:5      | Entered Level 5 of the Dungeon
  4085 | D:5      | Noticed Menkaure
  4091 | D:5      | Killed Menkaure
  4560 | D:5      | Reached skill level 10 in Maces & Flails
  5316 | D:5      | Reached skill level 11 in Maces & Flails
  5316 | D:5      | Reached XP level 8. HP: 57/66 MP: 7/7
  5523 | D:5      | Reached **** piety under Trog
  5527 | D:5      | Reached skill level 12 in Maces & Flails
  6054 | D:6      | Found a staircase to the Ecumenical Temple.
  6720 | D:6      | Reached skill level 13 in Maces & Flails
  6962 | D:6      | Reached XP level 9. HP: 36/71 MP: 8/8
  7434 | D:6      | Found a snail-covered altar of Cheibriados.
  7713 | D:7      | Found Huwazigesa's Magic Scroll Boutique.
  7729 | D:7      | Reached skill level 14 in Maces & Flails
  7899 | D:7      | Found a stormy altar of Qazlal.
  8266 | D:8      | Reached skill level 15 in Maces & Flails
  8532 | D:8      | Noticed a hill giant
  8541 | D:8      | Killed a hill giant
  8541 | D:8      | Reached skill level 16 in Maces & Flails
  8541 | D:8      | Reached XP level 10. HP: 14/78 MP: 9/9
  9331 | D:9      | Found Kiom's Armour Shoppe.
  9458 | D:9      | Bought a +1 pair of gloves of strength for 198 gold pieces
  9543 | D:9      | Found a bloodstained altar of Trog.
  9573 | D:9      | Reached skill level 17 in Maces & Flails
  9641 | D:9      | Found a radiant altar of Vehumet.
 10105 | D:10     | Entered Level 10 of the Dungeon
 10259 | D:10     | Paralysed by a hornet for 1 turns
 10264 | D:10     | Paralysed by a hornet for 3 turns
 10600 | D:10     | Found an ancient bone altar of Kikubaaqudgha.
 10695 | D:10     | Found a staircase to the Lair.
 10924 | D:10     | Reached skill level 18 in Maces & Flails
 10961 | D:11     | Received a gift from Trog
 10977 | D:11     | Noticed a cyclops
 10980 | D:11     | Noticed a hill giant
 10986 | D:11     | Killed a hill giant
 10990 | D:11     | Killed a cyclops
 10990 | D:11     | Reached XP level 11. HP: 84/84 MP: 10/10
 11094 | D:11     | Noticed a centaur warrior
 11104 | D:11     | Killed a centaur warrior
 11108 | D:11     | Killed an unseen horror
 11415 | D:11     | Noticed an eight-headed hydra
 11424 | D:11     | Killed an eight-headed hydra
 11424 | D:11     | Reached skill level 19 in Maces & Flails
 11762 | D:11     | HP: 4/84 [orc warrior/long sword (7)]
 12127 | D:11     | Found a staircase to the Orcish Mines.
 12172 | D:11     | Noticed a hill giant
 12179 | D:11     | Killed a hill giant
 12728 | D:12     | Noticed a cyan ugly thing
 12734 | D:12     | Killed a cyan ugly thing
 12795 | D:12     | Paralysed by a hornet for 2 turns
 12800 | D:12     | Noticed monokles's ghost (journeyman SpVM)
 12808 | D:12     | Slain by monokles's ghost

Skill      XL: |  1  2  3  4  5  6  7  8  9 10 11 |
---------------+----------------------------------+-----
Maces & Flails | 4 5 6 7 9 11 13 16 18 19 | 19.7
Fighting       | 4 |  4.1
Stealth        | 1 |  1.8
Armour         | |  2.7
Dodging        | |  2.3

Action                   |  1- 3 |  4- 6 |  7- 9 | 10-12 || total
-------------------------+-------+-------+-------+-------++-------
Melee: Mace              |    79 |    53 |       |       ||   132
       Headbutt          |    13 |    17 |    43 |    62 ||   135
       Flail             |       |    69 |   325 |   320 ||   714
Invok: Berserk           |     2 |     3 |     9 |    13 ||    27
       Trog's Hand       |       |       |     7 |    19 ||    26
       Brothers in Arms  |       |       |     2 |     1 ||     3
       Burn Spellbooks   |       |       |       |     1 ||     1
  Use: Scroll            |       |       |     2 |     6 ||     8
       Potion            |       |       |       |     6 ||     6
  Eat: Chunk             |     3 |    20 |    26 |    40 ||    89
Armor: Ring mail         |    28 |    32 |    19 |       ||    79
       Chain mail        |       |       |   137 |   171 ||   308
Dodge: Dodged            |    38 |    61 |   162 |   124 ||   385
Block: Buckler           |       |       |     8 |    30 ||    38
